cohdb
Replays
Latest Replays
All Replays
Popular Replays
Top Player Replays
Match Explorer
How It Works
Community
CoH3 Stats
Reddit
Sign in to upload your games and track your stats! →
Sign in with Steam
Match 43297672
Unlisted
Match 43297672
Overview
Messages
Build Orders
End
Kradschützen Motorcycle Team
Selects Italian Combined Arms Battlegroup
Selects Bersaglieri Squad
Bersaglieri Squad
Bersaglieri Squad
Construct Light Support Kompanie
Selects Bersaglieri Bolster
Bersaglieri Squad
2.5-tonne Medical Truck
Fire Support Elements
Selects Breda Model 30 Light Machine Guns
Panzerjäger Mechanized Group
Construct Panzerarmee Kommand
Selects Semovente da 75/18 Assault Gun
Selects Strafing Run
Strafing Run
Walking Stuka Rocket Launcher
Dr. Anubis
Trueno
simranjitsingh713
Hezbollah Z
达拉姆第一开矿者卡尔大理石
Pomni[Pointrunner]
Sir Steffen
Knight Rider
0
0
Comments
sign in to comment!
No comments posted yet!